2663 views
Uploaded 2021-08-27 02:48:24
Game version 1.32.10
18:01 long 4on4 ladder game on (8)Northshire_LV
Saved by Teelo
2663 views
Uploaded 2021-08-27 02:48:24
Game version 1.32.10
18:01 long 4on4 ladder game on (8)Northshire_LV


158 units @ 23.7k
/ 4k
80 buildings @ 12k
/ 5.4k

| Staff of Preservation | 1 | 150 |
| Orb of Venom | 1 | 325 |
| Scroll of Town Portal | 3 | 1050 |
| total: | 5 | 1525g |
| Wisp | 19 | 1140 | / | 0 |
| Huntress | 3 | 585 | / | 60 |
| Faerie Dragon | 7 | 1085 | / | 175 |
| Chimaera | 10 | 3300 | / | 700 |
| Hippogryph | 6 | 960 | / | 120 |
| Goblin Shredder | 1 | 375 | / | 100 |
| total: | 46 | 7445g | / | 1155w |
| Altar of Elders | 1 | 180 | / | 50 |
| Ancient of War | 3 | 450 | / | 180 |
| Moon Well | 8 | 1440 | / | 320 |
| Hunter's Hall | 1 | 210 | / | 100 |
| Tree of Life | 3 | 1020 | / | 555 |
| Ancient of Wonders | 1 | 90 | / | 30 |
| Ancient of Wind | 2 | 300 | / | 280 |
| Chimaera Roost | 2 | 280 | / | 380 |
| Tree of Ages | 1 | 320 | / | 180 |
| Tree of Eternity | 1 | 330 | / | 200 |
| total: | 21 | 3970g | / | 1895w |
| 0:02 | Wisp |
| 0:03 | Wisp |
| 0:03 | Wisp |
| 0:06 | Altar of Elders |
| 0:18 | Ancient of War |
| 0:24 | Moon Well |
| 0:33 | Wisp |
| 0:44 | Wisp |
| 0:53 | Wisp |
| 1:04 | Wisp |
| 1:05 | Wisp |
| 1:37 | Wisp |
| 2:00 | Hunter's Hall |
| 2:05 | Ancient of War |
| 2:06 | Ancient of War |
| 2:16 | Moon Well |
| 2:18 | Wisp |
| 2:25 | Trueshot Aura |
| 2:33 | Moon Well |
| 3:10 | Huntress |
| 3:44 | Huntress |
| 3:49 | Huntress |
| 4:32 | Tree of Ages |
| 5:08 | Scout |
| 5:11 | Tree of Life |
| 5:24 | Tree of Life |
| 5:43 | Ancient of Wonders |
| 6:34 | Moon Well |
| 6:56 | Goblin Shredder |
| 7:23 | Tree of Eternity |
| 7:26 | Ancient of Wind |
| 7:32 | Wisp |
| 7:32 | Wisp |
| 7:33 | Wisp |
| 7:33 | Wisp |
| 7:33 | Wisp |
| 7:53 | Trueshot Aura |
| 8:14 | Ancient of Wind |
| 8:43 | Nature's Blessing |
| 8:48 | Faerie Dragon |
| 8:48 | Faerie Dragon |
| 8:50 | Strength of the Wild |
| 8:52 | Moon Well |
| 8:59 | Staff of Preservation |
| 9:17 | Faerie Dragon |
| 9:43 | Scout |
| 9:47 | Chimaera Roost |
| 9:49 | Chimaera Roost |
| 10:00 | Wisp |
| 10:13 | Faerie Dragon |
| 10:35 | Wisp |
| 10:36 | Wisp |
| 10:38 | Tree of Life |
| 10:56 | Moon Well |
| 11:11 | Chimaera |
| 11:11 | Chimaera |
| 11:12 | Moon Well |
| 11:14 | Improved Strength of the Wild |
| 11:53 | Scroll of Town Portal |
| 11:56 | Orb of Venom |
| 12:03 | Faerie Dragon |
| 12:09 | Moon Well |
| 12:14 | Chimaera |
| 12:14 | Chimaera |
| 12:38 | Faerie Dragon |
| 12:53 | Wisp |
| 13:01 | Corrosive Breath |
| 13:12 | Advanced Strength of the Wild |
| 13:19 | Chimaera |
| 13:23 | Faerie Dragon |
| 13:54 | Hippogryph |
| 14:19 | Chimaera |
| 14:20 | Chimaera |
| 15:08 | Trueshot Aura |
| 15:12 | Hippogryph |
| 15:46 | Hippogryph |
| 15:49 | Scroll of Town Portal |
| 15:55 | Chimaera |
| 15:57 | Hippogryph |
| 16:08 | Reinforced Hides |
| 16:28 | Chimaera |
| 16:47 | Scroll of Town Portal |
| 16:52 | Hippogryph |
| 17:18 | Starfall |
| 17:30 | Chimaera |
| 17:51 | Hippogryph |
| Select group | 448 |
| Right click | 347 |
| Select | 325 |
| Build/train/purchase | 86 |
| Misc. action | 68 |
| Assign group | 23 |
| Use ability | 10 |
| Item give/drop | 5 |
| Esc | 2 |


| Lesser Clarity Potion | 3 | 210 |
| Moonstone | 1 | 50 |
| Staff of Preservation | 1 | 150 |
| Orb of Venom | 2 | 650 |
| Potion of Healing | 1 | 150 |
| Scroll of Town Portal | 2 | 700 |
| total: | 10 | 1910g |
| Wisp | 20 | 1200 | / | 0 |
| Archer | 22 | 2860 | / | 220 |
| Hippogryph | 13 | 2080 | / | 260 |
| total: | 55 | 6140g | / | 480w |
| Altar of Elders | 1 | 180 | / | 50 |
| Moon Well | 7 | 1260 | / | 280 |
| Ancient of War | 1 | 150 | / | 60 |
| Ancient of Wonders | 1 | 90 | / | 30 |
| Hunter's Hall | 1 | 210 | / | 100 |
| Tree of Life | 1 | 340 | / | 185 |
| Ancient of Wind | 2 | 300 | / | 280 |
| Tree of Ages | 1 | 320 | / | 180 |
| Tree of Eternity | 2 | 660 | / | 400 |
| total: | 14 | 2530g | / | 985w |
| 0:03 | Wisp |
| 0:03 | Wisp |
| 0:06 | Altar of Elders |
| 0:19 | Moon Well |
| 0:20 | Wisp |
| 0:33 | Ancient of War |
| 0:34 | Wisp |
| 0:35 | Wisp |
| 0:46 | Wisp |
| 0:57 | Wisp |
| 1:23 | Wisp |
| 1:32 | Moon Well |
| 1:39 | Archer |
| 1:40 | Archer |
| 1:40 | Archer |
| 1:47 | Wisp |
| 2:04 | Ancient of Wonders |
| 2:11 | Archer |
| 2:18 | Force of Nature |
| 2:26 | Wisp |
| 2:26 | Wisp |
| 2:51 | Archer |
| 3:08 | Archer |
| 3:10 | Moon Well |
| 3:25 | Entangling Roots |
| 3:34 | Tree of Ages |
| 4:30 | Archer |
| 4:35 | Hunter's Hall |
| 4:55 | Force of Nature |
| 5:10 | Archer |
| 5:14 | Moon Well |
| 5:20 | Lesser Clarity Potion |
| 5:26 | Archer |
| 5:54 | Strength of the Moon |
| 6:17 | Archer |
| 6:18 | Improved Bows |
| 6:19 | Archer |
| 6:55 | Entangling Roots |
| 7:47 | Trueshot Aura |
| 8:06 | Archer |
| 8:06 | Archer |
| 8:12 | Wisp |
| 8:12 | Wisp |
| 8:15 | Improved Strength of the Moon |
| 8:15 | Strength of the Wild |
| 8:15 | Reinforced Hides |
| 8:28 | Nature's Blessing |
| 8:33 | Moon Well |
| 8:48 | Lesser Clarity Potion |
| 8:48 | Lesser Clarity Potion |
| 8:53 | Moonstone |
| 8:59 | Tree of Life |
| 9:00 | Ancient of Wind |
| 9:40 | Tree of Eternity |
| 9:59 | Archer |
| 9:59 | Archer |
| 10:47 | Scout |
| 11:06 | Wisp |
| 11:06 | Wisp |
| 11:06 | Wisp |
| 11:06 | Wisp |
| 12:25 | Staff of Preservation |
| 12:28 | Archer |
| 12:29 | Marksmanship |
| 12:30 | Scroll of Town Portal |
| 12:31 | Orb of Venom |
| 12:45 | Advanced Strength of the Moon |
| 12:46 | Improved Strength of the Wild |
| 12:46 | Improved Reinforced Hides |
| 13:07 | Archer |
| 13:07 | Archer |
| 13:11 | Moon Well |
| 13:25 | Potion of Healing |
| 13:38 | Archer |
| 13:43 | Wisp |
| 13:44 | Wisp |
| 13:45 | Wisp |
| 15:00 | Force of Nature |
| 15:09 | Trueshot Aura |
| 15:30 | Ancient of Wind |
| 15:31 | Hippogryph |
| 15:31 | Hippogryph |
| 15:31 | Hippogryph |
| 15:31 | Hippogryph |
| 15:32 | Hippogryph |
| 15:32 | Hippogryph |
| 15:32 | Hippogryph |
| 15:32 | Hippogryph |
| 15:38 | Orb of Venom |
| 15:46 | Scroll of Town Portal |
| 15:48 | Well Spring |
| 15:49 | Advanced Strength of the Wild |
| 15:52 | Archer |
| 15:52 | Archer |
| 15:56 | Moon Well |
| 16:28 | Archer |
| 17:05 | Hippogryph |
| 17:05 | Hippogryph |
| 17:05 | Hippogryph |
| 17:05 | Hippogryph |
| 17:05 | Hippogryph |
| 17:22 | Scout |
| 17:51 | Tranquility |
| Right click | 1007 |
| Select | 268 |
| Select group | 220 |
| Misc. action | 115 |
| Build/train/purchase | 112 |
| Minimap ping | 36 |
| Use ability | 28 |
| Assign group | 27 |
| Chat | 8 |
| Item give/drop | 7 |
| Esc | 2 |

| Scroll of Regeneration | 2 | 200 |
| Lesser Clarity Potion | 2 | 140 |
| Orb of Fire | 1 | 325 |
| Ivory Tower | 1 | 40 |
| Potion of Healing | 1 | 150 |
| Scroll of Town Portal | 1 | 350 |
| Anti-magic Potion | 1 | 100 |
| total: | 9 | 1305g |
| Peasant | 13 | 975 | / | 0 |
| Footman | 3 | 405 | / | 0 |
| Sorceress | 3 | 465 | / | 60 |
| Mortar Team | 9 | 1620 | / | 630 |
| Siege Engine | 4 | 780 | / | 240 |
| Goblin Shredder | 1 | 375 | / | 100 |
| total: | 33 | 4620g | / | 1030w |
| Scout Tower | 8 | 240 | / | 160 |
| Guard Tower | 7 | 490 | / | 350 |
| Arcane Tower | 2 | 140 | / | 100 |
| Altar of Kings | 1 | 180 | / | 50 |
| Farm | 10 | 800 | / | 200 |
| Barracks | 1 | 160 | / | 60 |
| Lumber Mill | 1 | 120 | / | 0 |
| Arcane Vault | 1 | 130 | / | 30 |
| Town Hall | 1 | 385 | / | 205 |
| Blacksmith | 1 | 140 | / | 60 |
| Arcane Sanctum | 1 | 150 | / | 140 |
| Workshop | 3 | 420 | / | 420 |
| Keep | 1 | 320 | / | 210 |
| Castle | 1 | 360 | / | 210 |
| total: | 28 | 2725g | / | 1325w |
| 0:01 | Peasant |
| 0:02 | Peasant |
| 0:02 | Peasant |
| 0:19 | Altar of Kings |
| 0:34 | Farm |
| 0:40 | Peasant |
| 0:40 | Peasant |
| 0:42 | Peasant |
| 0:49 | Barracks |
| 1:08 | Lumber Mill |
| 1:15 | Farm |
| 1:26 | Peasant |
| 1:27 | Peasant |
| 1:48 | Peasant |
| 1:48 | Peasant |
| 1:56 | Footman |
| 2:09 | Scout Tower |
| 2:11 | Improved Lumber Harvesting |
| 2:18 | Blizzard |
| 2:29 | Scout Tower |
| 2:35 | Peasant |
| 2:35 | Peasant |
| 2:39 | Farm |
| 2:43 | Scout Tower |
| 3:15 | Guard Tower |
| 3:18 | Scout Tower |
| 3:22 | Scout Tower |
| 3:23 | Guard Tower |
| 3:34 | Arcane Vault |
| 3:37 | Arcane Tower |
| 3:38 | Keep |
| 3:54 | Guard Tower |
| 4:00 | Guard Tower |
| 4:08 | Footman |
| 4:41 | Scroll of Regeneration |
| 4:42 | Lesser Clarity Potion |
| 4:52 | Brilliance Aura |
| 4:57 | Lesser Clarity Potion |
| 5:49 | Footman |
| 5:54 | Town Hall |
| 5:56 | Scout Tower |
| 6:00 | Scout Tower |
| 6:07 | Castle |
| 6:10 | Arcane Sanctum |
| 6:22 | Scout Tower |
| 6:25 | Guard Tower |
| 6:30 | Scroll of Regeneration |
| 6:33 | Guard Tower |
| 6:53 | Blacksmith |
| 6:57 | Improved Masonry |
| 6:57 | Advanced Lumber Harvesting |
| 7:22 | Guard Tower |
| 7:25 | Sorceress Adept Training |
| 7:45 | Blizzard |
| 8:00 | Sorceress |
| 8:00 | Sorceress |
| 8:00 | Sorceress |
| 8:04 | Peasant |
| 8:08 | Farm |
| 8:11 | Farm |
| 8:13 | Black Gunpowder |
| 8:17 | Workshop |
| 8:53 | Goblin Shredder |
| 9:29 | Mortar Team |
| 9:40 | Orb of Fire |
| 9:42 | Ivory Tower |
| 9:46 | Potion of Healing |
| 9:49 | Flare |
| 9:58 | Workshop |
| 10:11 | Refined Gunpowder |
| 10:17 | Arcane Tower |
| 10:19 | Magic Sentry |
| 10:26 | Mortar Team |
| 10:56 | Mortar Team |
| 11:05 | Mortar Team |
| 11:09 | Farm |
| 11:11 | Farm |
| 11:13 | Farm |
| 11:16 | Mortar Team |
| 11:17 | Fragmentation Shards |
| 11:36 | Mortar Team |
| 11:37 | Mortar Team |
| 11:39 | Mortar Team |
| 11:50 | Workshop |
| 12:13 | Imbued Gunpowder |
| 12:31 | Barrage |
| 13:26 | Siege Engine |
| 13:27 | Siege Engine |
| 13:29 | Farm |
| 13:31 | Farm |
| 13:40 | Iron Plating |
| 13:52 | Sorceress Master Training |
| 15:39 | Mortar Team |
| 15:40 | Siege Engine |
| 16:29 | Scroll of Town Portal |
| 16:33 | Anti-magic Potion |
| 17:12 | Brilliance Aura |
| 17:33 | Siege Engine |
| 17:46 | Blizzard |
| Right click | 274 |
| Select | 250 |
| Select group | 190 |
| Build/train/purchase | 84 |
| Chat | 84 |
| Assign group | 80 |
| Misc. action | 50 |
| Use ability | 35 |
| Minimap ping | 5 |
| Item give/drop | 4 |
| Remove unit | 1 |
| Esc | 1 |


| Scroll of Town Portal | 3 | 1050 |
| total: | 3 | 1050g |
| Acolyte | 7 | 525 | / | 0 |
| Ghoul | 2 | 240 | / | 0 |
| Crypt Fiend | 6 | 1290 | / | 240 |
| Frost Wyrm | 8 | 3080 | / | 960 |
| Goblin Shredder | 1 | 375 | / | 100 |
| total: | 24 | 5510g | / | 1300w |
| Crypt | 1 | 200 | / | 50 |
| Graveyard | 1 | 215 | / | 0 |
| Ziggurat | 8 | 1200 | / | 400 |
| Altar of Darkness | 1 | 180 | / | 50 |
| Necropolis | 1 | 225 | / | 0 |
| Tomb of Relics | 2 | 260 | / | 60 |
| Boneyard | 3 | 525 | / | 600 |
| Halls of the Dead | 1 | 320 | / | 210 |
| Black Citadel | 1 | 325 | / | 230 |
| total: | 17 | 2805g | / | 1160w |
| 0:05 | Acolyte |
| 0:06 | Acolyte |
| 0:16 | Crypt |
| 0:22 | Graveyard |
| 0:40 | Ziggurat |
| 1:01 | Altar of Darkness |
| 1:16 | Ziggurat |
| 1:27 | Ghoul |
| 1:40 | Ghoul |
| 2:00 | Crypt Fiend |
| 2:22 | Crypt Fiend |
| 2:52 | Crypt Fiend |
| 3:03 | Carrion Beetles |
| 3:16 | Crypt Fiend |
| 3:19 | Acolyte |
| 3:51 | Necropolis |
| 4:19 | Spiked Carapace |
| 4:44 | Halls of the Dead |
| 5:27 | Goblin Shredder |
| 5:32 | Acolyte |
| 5:33 | Acolyte |
| 5:33 | Acolyte |
| 5:33 | Acolyte |
| 5:37 | Carrion Beetles |
| 5:54 | Creature Carapace |
| 5:55 | Creature Attack |
| 6:14 | Ziggurat |
| 6:16 | Ziggurat |
| 7:14 | Black Citadel |
| 7:32 | Spiked Carapace |
| 7:57 | Improved Creature Carapace |
| 7:58 | Web |
| 8:29 | Death Coil |
| 8:47 | Improved Creature Attack |
| 9:31 | Burrow |
| 10:16 | Boneyard |
| 10:20 | Boneyard |
| 10:22 | Boneyard |
| 11:08 | Ziggurat |
| 11:14 | Tomb of Relics |
| 11:17 | Tomb of Relics |
| 11:20 | Ziggurat |
| 11:22 | Ziggurat |
| 11:25 | Ziggurat |
| 11:34 | Frost Wyrm |
| 11:35 | Frost Wyrm |
| 11:36 | Frost Wyrm |
| 11:37 | Frost Wyrm |
| 11:38 | Advanced Creature Carapace |
| 13:01 | Frost Wyrm |
| 13:01 | Frost Wyrm |
| 13:03 | Frost Wyrm |
| 13:17 | Scroll of Town Portal |
| 13:37 | Scroll of Town Portal |
| 14:01 | Advanced Creature Attack |
| 14:05 | Unholy Aura |
| 15:22 | Crypt Fiend |
| 15:22 | Crypt Fiend |
| 16:09 | Scroll of Town Portal |
| 17:11 | Impale |
| 17:51 | Frost Wyrm |
| 17:58 | Unholy Aura |
| 17:59 | Death Coil |
| Right click | 323 |
| Assign group | 266 |
| Select group | 248 |
| Select | 178 |
| Chat | 107 |
| Build/train/purchase | 56 |
| Use ability | 14 |
| Item give/drop | 2 |
| Minimap ping | 2 |
137 units @ 19.8k
/ 2.5k
88 buildings @ 12.7k
/ 5.7k
⇛
cityofangels
(17:24) : 


| Scroll of Town Portal | 1 | 350 |
| total: | 1 | 350g |
| Wisp | 18 | 1080 | / | 0 |
| Archer | 11 | 1430 | / | 110 |
| Hippogryph | 14 | 2240 | / | 280 |
| Chimaera | 3 | 990 | / | 210 |
| Goblin Shredder | 1 | 375 | / | 100 |
| total: | 47 | 6115g | / | 700w |
| Ancient Protector | 2 | 270 | / | 160 |
| Moon Well | 8 | 1440 | / | 320 |
| Altar of Elders | 1 | 180 | / | 50 |
| Ancient of War | 1 | 150 | / | 60 |
| Hunter's Hall | 1 | 210 | / | 100 |
| Tree of Life | 1 | 340 | / | 185 |
| Ancient of Wonders | 1 | 90 | / | 30 |
| Ancient of Wind | 2 | 300 | / | 280 |
| Chimaera Roost | 2 | 280 | / | 380 |
| Tree of Ages | 1 | 320 | / | 180 |
| Tree of Eternity | 1 | 330 | / | 200 |
| total: | 19 | 3260g | / | 1565w |
| 0:04 | Wisp |
| 0:05 | Wisp |
| 0:05 | Wisp |
| 0:05 | Wisp |
| 0:05 | Wisp |
| 0:06 | Wisp |
| 0:34 | Moon Well |
| 0:41 | Altar of Elders |
| 0:53 | Wisp |
| 1:07 | Ancient of War |
| 1:11 | Wisp |
| 1:34 | Moon Well |
| 1:51 | Wisp |
| 1:53 | Wisp |
| 2:06 | Wisp |
| 2:23 | Hunter's Hall |
| 2:57 | Summon Bear |
| 3:00 | Archer |
| 3:07 | Tree of Ages |
| 3:22 | Archer |
| 3:45 | Archer |
| 3:51 | Ancient Protector |
| 4:26 | Ultravision |
| 4:27 | Archer |
| 4:35 | Archer |
| 4:51 | Archer |
| 5:04 | Goblin Shredder |
| 5:59 | Summon Hawk |
| 6:26 | Tree of Life |
| 6:31 | Moon Well |
| 6:35 | Moon Well |
| 6:38 | Archer |
| 6:41 | Tree of Eternity |
| 7:08 | Summon Hawk |
| 7:48 | Archer |
| 8:17 | Archer |
| 8:28 | Entangling Roots |
| 8:45 | Archer |
| 8:45 | Archer |
| 8:51 | Ancient Protector |
| 8:58 | Wisp |
| 9:04 | Wisp |
| 9:05 | Wisp |
| 9:24 | Ancient of Wind |
| 9:51 | Ancient of Wind |
| 9:56 | Wisp |
| 10:14 | Mana Burn |
| 10:18 | Wisp |
| 10:36 | Hippogryph |
| 10:36 | Hippogryph |
| 10:46 | Wisp |
| 10:58 | Hippogryph |
| 10:58 | Hippogryph |
| 11:18 | Hippogryph |
| 11:25 | Ancient of Wonders |
| 11:29 | Moon Well |
| 11:36 | Chimaera Roost |
| 11:39 | Hippogryph |
| 12:00 | Hippogryph |
| 13:07 | Chimaera |
| 13:11 | Chimaera Roost |
| 13:13 | Wisp |
| 13:15 | Hippogryph |
| 13:15 | Hippogryph |
| 13:27 | Well Spring |
| 13:40 | Moon Well |
| 13:52 | Hippogryph |
| 14:01 | Strength of the Wild |
| 14:10 | Chimaera |
| 14:33 | Chimaera |
| 14:39 | Moon Well |
| 14:46 | Scroll of Town Portal |
| 15:41 | Hippogryph |
| 15:41 | Hippogryph |
| 16:17 | Hippogryph |
| 16:18 | Hippogryph |
| 16:25 | Moon Well |
| 16:34 | Thorns Aura |
| Right click | 293 |
| Select | 283 |
| Build/train/purchase | 79 |
| Chat | 45 |
| Use ability | 8 |
| Resource trade | 8 |
| Remove unit | 4 |
| Item give/drop | 3 |
| Minimap ping | 1 |


| Potion of Healing | 1 | 150 |
| total: | 1 | 150g |
| Peasant | 10 | 750 | / | 0 |
| Rifleman | 15 | 3075 | / | 450 |
| Priest | 3 | 405 | / | 30 |
| Goblin Shredder | 1 | 375 | / | 100 |
| total: | 29 | 4605g | / | 580w |
| Scout Tower | 8 | 240 | / | 160 |
| Guard Tower | 6 | 420 | / | 300 |
| Farm | 11 | 880 | / | 220 |
| Altar of Kings | 1 | 180 | / | 50 |
| Lumber Mill | 1 | 120 | / | 0 |
| Barracks | 3 | 480 | / | 180 |
| Blacksmith | 1 | 140 | / | 60 |
| Arcane Vault | 1 | 130 | / | 30 |
| Town Hall | 1 | 385 | / | 205 |
| Arcane Sanctum | 1 | 150 | / | 140 |
| Keep | 1 | 320 | / | 210 |
| Castle | 1 | 360 | / | 210 |
| total: | 28 | 2705g | / | 1045w |
| 0:05 | Peasant |
| 0:05 | Peasant |
| 0:05 | Peasant |
| 0:05 | Peasant |
| 0:05 | Peasant |
| 0:06 | Peasant |
| 0:09 | Peasant |
| 0:25 | Farm |
| 0:41 | Altar of Kings |
| 1:13 | Lumber Mill |
| 1:17 | Peasant |
| 1:17 | Peasant |
| 1:17 | Peasant |
| 1:52 | Barracks |
| 1:56 | Barracks |
| 2:04 | Farm |
| 3:04 | Forked Lightning |
| 3:13 | Barracks |
| 3:20 | Scout Tower |
| 3:23 | Scout Tower |
| 3:29 | Blacksmith |
| 3:57 | Guard Tower |
| 4:02 | Farm |
| 4:07 | Scout Tower |
| 4:11 | Arcane Vault |
| 4:20 | Improved Lumber Harvesting |
| 4:21 | Keep |
| 4:36 | Guard Tower |
| 4:39 | Farm |
| 4:45 | Farm |
| 4:48 | Rifleman |
| 5:04 | Rifleman |
| 5:21 | Rifleman |
| 5:29 | Scout Tower |
| 5:57 | Guard Tower |
| 6:01 | Farm |
| 6:14 | Rifleman |
| 6:41 | Black Gunpowder |
| 6:41 | Studded Leather Armor |
| 6:47 | Frost Arrows |
| 6:50 | Scout Tower |
| 6:56 | Arcane Sanctum |
| 7:08 | Potion of Healing |
| 7:21 | Guard Tower |
| 7:23 | Farm |
| 7:36 | Rifleman |
| 8:18 | Scout Tower |
| 8:33 | Rifleman |
| 8:44 | Guard Tower |
| 8:47 | Farm |
| 9:17 | Goblin Shredder |
| 9:25 | Farm |
| 9:30 | Priest |
| 10:21 | Town Hall |
| 10:33 | Forked Lightning |
| 10:42 | Rifleman |
| 12:13 | Scout Tower |
| 12:37 | Priest Adept Training |
| 12:41 | Refined Gunpowder |
| 12:41 | Reinforced Leather Armor |
| 12:51 | Scout Tower |
| 13:21 | Guard Tower |
| 13:24 | Farm |
| 13:30 | Devotion Aura |
| 14:13 | Castle |
| 14:18 | Rifleman |
| 14:20 | Rifleman |
| 15:09 | Mana Shield |
| 15:25 | Rifleman |
| 15:54 | Farm |
| 16:02 | Rifleman |
| 16:02 | Long Rifles |
| 16:03 | Priest |
| 16:04 | Priest |
| 17:17 | Forked Lightning |
| 17:51 | Rifleman |
| 17:52 | Rifleman |
| 17:52 | Rifleman |
| 17:52 | Rifleman |
| 17:53 | Imbued Gunpowder |
| Right click | 285 |
| Select | 198 |
| Build/train/purchase | 59 |
| Use ability | 15 |
| Resource trade | 4 |
| Minimap ping | 3 |
| Item give/drop | 2 |


| Rod of Necromancy | 1 | 150 |
| Potion of Healing | 2 | 300 |
| Potion of Mana | 2 | 400 |
| Scroll of Town Portal | 1 | 350 |
| Staff of Teleportation | 1 | 150 |
| total: | 7 | 1350g |
| Acolyte | 9 | 675 | / | 0 |
| Ghoul | 10 | 1200 | / | 0 |
| Obsidian Statue | 2 | 400 | / | 70 |
| Frost Wyrm | 4 | 1540 | / | 480 |
| total: | 25 | 3815g | / | 550w |
| Nerubian Tower | 2 | 200 | / | 40 |
| Altar of Darkness | 1 | 180 | / | 50 |
| Ziggurat | 9 | 1350 | / | 450 |
| Crypt | 3 | 600 | / | 150 |
| Tomb of Relics | 1 | 130 | / | 30 |
| Graveyard | 1 | 215 | / | 0 |
| Necropolis | 1 | 225 | / | 0 |
| Slaughterhouse | 1 | 140 | / | 135 |
| Boneyard | 4 | 700 | / | 800 |
| Halls of the Dead | 1 | 320 | / | 210 |
| Black Citadel | 1 | 325 | / | 230 |
| total: | 21 | 3540g | / | 1615w |
| 0:04 | Altar of Darkness |
| 0:05 | Ziggurat |
| 0:17 | Crypt |
| 0:19 | Crypt |
| 0:21 | Acolyte |
| 0:21 | Acolyte |
| 0:44 | Tomb of Relics |
| 1:11 | Acolyte |
| 1:18 | Ziggurat |
| 1:22 | Ghoul |
| 1:40 | Ghoul |
| 1:50 | Ghoul |
| 2:06 | Rod of Necromancy |
| 2:07 | Death Coil |
| 2:17 | Ghoul |
| 2:27 | Ghoul |
| 2:49 | Ghoul |
| 3:00 | Ghoul |
| 3:13 | Graveyard |
| 3:25 | Ghoul |
| 3:50 | Ziggurat |
| 3:52 | Nerubian Tower |
| 4:08 | Unholy Aura |
| 4:31 | Necropolis |
| 4:48 | Ghoul |
| 5:12 | Halls of the Dead |
| 5:33 | Staff of Teleportation |
| 5:45 | Ghoul |
| 6:21 | Acolyte |
| 6:21 | Acolyte |
| 6:21 | Acolyte |
| 6:21 | Acolyte |
| 6:47 | Death Coil |
| 7:24 | Ziggurat |
| 7:36 | Slaughterhouse |
| 7:38 | Black Citadel |
| 7:41 | Crypt |
| 7:43 | Ziggurat |
| 7:46 | Potion of Healing |
| 7:49 | Potion of Healing |
| 8:33 | Frost Nova |
| 8:35 | Scroll of Town Portal |
| 8:35 | Potion of Mana |
| 8:35 | Potion of Mana |
| 8:42 | Obsidian Statue |
| 8:42 | Obsidian Statue |
| 9:08 | Ziggurat |
| 9:09 | Ziggurat |
| 9:11 | Ziggurat |
| 10:00 | Boneyard |
| 10:02 | Boneyard |
| 10:04 | Boneyard |
| 10:06 | Boneyard |
| 10:28 | Creature Attack |
| 11:28 | Dark Ritual |
| 11:45 | Nerubian Tower |
| 11:53 | Frost Wyrm |
| 11:54 | Freezing Breath |
| 12:34 | Frost Wyrm |
| 13:04 | Frost Wyrm |
| 13:06 | Improved Creature Attack |
| 13:27 | Acolyte |
| 13:27 | Acolyte |
| 13:35 | Unholy Aura |
| 13:49 | Ziggurat |
| 15:39 | Death Coil |
| 15:45 | Frost Wyrm |
| 16:09 | Advanced Creature Attack |
| Right click | 548 |
| Select | 245 |
| Select group | 125 |
| Build/train/purchase | 65 |
| Use ability | 46 |
| Minimap ping | 30 |
| Assign group | 24 |
| Misc. action | 10 |
| Item give/drop | 4 |


| Rod of Necromancy | 6 | 900 |
| Potion of Healing | 1 | 150 |
| Scroll of Town Portal | 3 | 1050 |
| total: | 10 | 2100g |
| Acolyte | 14 | 1050 | / | 0 |
| Ghoul | 4 | 480 | / | 0 |
| Crypt Fiend | 3 | 645 | / | 120 |
| Obsidian Statue | 3 | 600 | / | 105 |
| Necromancer | 7 | 1015 | / | 140 |
| Meat Wagon | 3 | 690 | / | 150 |
| Goblin Shredder | 2 | 750 | / | 200 |
| total: | 36 | 5230g | / | 715w |
| Crypt | 2 | 400 | / | 100 |
| Altar of Darkness | 1 | 180 | / | 50 |
| Ziggurat | 6 | 900 | / | 300 |
| Graveyard | 1 | 215 | / | 0 |
| Tomb of Relics | 1 | 130 | / | 30 |
| Necropolis | 2 | 450 | / | 0 |
| Slaughterhouse | 3 | 420 | / | 405 |
| Temple of the Damned | 3 | 465 | / | 420 |
| Sacrificial Pit | 1 | 75 | / | 150 |
| Halls of the Dead | 9 | 2880 | / | 1890 |
| Black Citadel | 1 | 325 | / | 230 |
| total: | 20 | 3235g | / | 1455w |
| 0:02 | Acolyte |
| 0:02 | Acolyte |
| 0:05 | Crypt |
| 0:07 | Altar of Darkness |
| 0:11 | Ziggurat |
| 0:33 | Crypt |
| 0:53 | Graveyard |
| 1:06 | Ziggurat |
| 1:33 | Tomb of Relics |
| 1:34 | Ghoul |
| 1:42 | Ghoul |
| 1:43 | Ghoul |
| 1:47 | Ghoul |
| 2:10 | Death Coil |
| 2:19 | Crypt Fiend |
| 2:39 | Rod of Necromancy |
| 2:39 | Rod of Necromancy |
| 2:40 | Rod of Necromancy |
| 3:02 | Halls of the Dead |
| 3:16 | Crypt Fiend |
| 3:22 | Ziggurat |
| 3:48 | Unholy Aura |
| 3:52 | Crypt Fiend |
| 4:36 | Rod of Necromancy |
| 4:36 | Rod of Necromancy |
| 4:36 | Rod of Necromancy |
| 5:32 | Acolyte |
| 5:32 | Acolyte |
| 5:32 | Acolyte |
| 5:32 | Acolyte |
| 5:32 | Acolyte |
| 5:38 | Slaughterhouse |
| 5:46 | Goblin Shredder |
| 5:46 | Goblin Shredder |
| 6:02 | Slaughterhouse |
| 6:54 | Potion of Healing |
| 6:56 | Frost Nova |
| 7:19 | Death Coil |
| 7:51 | Obsidian Statue |
| 7:52 | Black Citadel |
| 8:15 | Unholy Strength |
| 8:15 | Unholy Armor |
| 8:17 | Temple of the Damned |
| 8:18 | Temple of the Damned |
| 8:26 | Temple of the Damned |
| 9:22 | Necromancer Adept Training |
| 9:30 | Slaughterhouse |
| 9:43 | Skeletal Mastery |
| 10:10 | Necromancer |
| 10:11 | Exhume Corpses |
| 10:18 | Necromancer Master Training |
| 10:22 | Acolyte |
| 10:22 | Acolyte |
| 10:22 | Acolyte |
| 10:22 | Acolyte |
| 10:42 | Acolyte |
| 10:42 | Acolyte |
| 10:49 | Necromancer |
| 11:19 | Acolyte |
| 12:50 | Dark Ritual |
| 12:55 | Necromancer |
| 12:57 | Ziggurat |
| 12:59 | Sacrificial Pit |
| 13:01 | Meat Wagon |
| 13:12 | Improved Unholy Strength |
| 13:54 | Meat Wagon |
| 13:56 | Obsidian Statue |
| 14:12 | Necromancer |
| 14:12 | Necromancer |
| 14:44 | Scroll of Town Portal |
| 15:41 | Necromancer |
| 15:43 | Necropolis |
| 16:11 | Necromancer |
| 16:15 | Obsidian Statue |
| 16:56 | Ziggurat |
| 16:57 | Ziggurat |
| 17:01 | Necropolis |
| 17:16 | Meat Wagon |
| 17:26 | Scroll of Town Portal |
| 17:26 | Scroll of Town Portal |
| Right click | 751 |
| Select | 594 |
| Select group | 426 |
| Misc. action | 193 |
| Build/train/purchase | 101 |
| Use ability | 32 |
| Assign group | 28 |
| Esc | 3 |
| Item give/drop | 2 |
| Remove unit | 1 |
| Minimap ping | 1 |